 Dungeon Crawl Stone Soup version 0.24.0-37-gcf1ca852f1 (webtiles) character file.

Game seed: 8208906172797815900, levelgen mode: deterministic

1880 MJtheKandyman the Skirmisher (level 8, -6/74 HPs)
             Began as a Minotaur Fighter on Nov 24, 2019.
             Splashed by Pikel's acid (15 damage)
             ... on level 6 of the Dungeon.
             The game lasted 00:18:49 (6726 turns).

MJtheKandyman the Skirmisher (Minotaur Fighter)     Turns: 6726, Time: 00:18:50

Health: -6/74      AC:  0    Str: 23    XL:     8   Next: 91%
Magic:  9/9        EV:  6    Int:  5    God:
Gold:   185        SH: 16    Dex: 10    Spells: 7/7 levels left

rFire    . . .     SeeInvis .   a - +0 long sword
rCold    . . .     Gourm    .   B - +0 large shield
rNeg     . . .     Faith    .   b - +0 scale mail
rPois    .         Spirit   .   (helmet restricted)
rElec    .         Reflect  .   (no cloak)
rCorr    .         Harm     .   (no gloves)
MR       .....                  (no boots)
Stlth    ..........             (no amulet)
HPRegen  0.22/turn              (no ring)
MPRegen  0.11/turn              (no ring)

@: corroded
A: retaliatory headbutt, horns 2
a: no special abilities


You were on level 6 of the Dungeon.
You were not hungry.

You visited 1 branch of the dungeon, and saw 7 of its levels.

You collected 185 gold pieces.

Inventory:

Hand Weapons
 a - a +0 long sword (weapon)
 x - a +0 long sword
Missiles
 g - 4 poisoned darts
 v - 111 stones
 F - a throwing net (quivered)
Armour
 b - a +0 scale mail (worn)
 c - a +1 shield
 B - a +0 large shield (worn)
Jewellery
 t - a cursed -3 ring of intelligence {unknown}
 A - an uncursed amulet of the gourmand {unknown}
Wands
 u - a wand of acid (11)
 y - a wand of polymorph (5)
Scrolls
 e - 3 scrolls of remove curse {unknown}
 h - a scroll of brand weapon {unknown}
 i - 3 scrolls of teleportation
 j - a scroll of enchant armour
 l - a scroll of fog
 n - a scroll of noise {unknown}
 o - a scroll of magic mapping {unknown}
 p - 3 scrolls of fear
 r - 4 scrolls of blinking
 s - a scroll of immolation {unknown}
 w - a scroll of identify
Potions
 d - 2 potions of might
 k - a potion of brilliance
 m - a potion of degeneration
 q - a potion of cancellation
 z - a potion of magic
 C - a potion of flight {unknown}
 D - a potion of mutation {unknown}
Comestibles
 f - 11 rations
 E - a chunk of flesh


   Skills:
 + Level 7.9 Fighting
 + Level 7.4 Long Blades
 + Level 7.1 Armour
 + Level 7.1 Shields
 - Level 3.0 Evocations


You had 7 spell levels left.
You didn't know any spells.
Your spell library contained the following spells:

 Spells                   Type           Power        Failure   Level  Hunger
 Animate Skeleton         Necr           N/A          100%        1    ##.....
 Apportation              Tloc           #.....       100%        1    ##.....
 Confusing Touch          Hex            #.....       100%        1    ##.....
 Summon Small Mammal      Summ           #...         100%        1    ##.....


Dungeon Overview and Level Annotations

Branches:
Dungeon (7/15)
 Temple: D:4-7

Altars:
Xom
The Shining One

Annotations:
D:2 Sigmund
D:6 Grinder, Pikel


Innate Abilities, Weirdness & Mutations

You reflexively headbutt those who attack you in melee.
You have a pair of horns on your head.


Message History

You hit Pikel but do no damage. Pikel hits you but does no damage.
A slave comes into view.
Your shield and scale mail prevent you from hitting Pikel.
The slave shouts!
Your headbutt misses Pikel.
You hear a shout! x2
Pikel barely misses you.
You closely miss Pikel. Pikel hits you but does no damage.
You hit Pikel. Your headbutt misses Pikel.
Pikel is lightly wounded.
Pikel zaps a wand.
The bolt of acid hits you!! The acid corrodes you!
You are splashed with acid!
* * * LOW HITPOINT WARNING * * *
Pikel barely misses you.
Your shield and scale mail prevent you from hitting Pikel.
Pikel is lightly wounded.
Pikel zaps a wand.
The bolt of acid hits you!
* * * LOW HITPOINT WARNING * * *
You are splashed with acid!
You die...

#.. ##.. ###...
##..... ##.....#
#######.....##
#.............
#######.######...#..
#..@Kpp.# .(#....
#.#####.### ##......
#.................##
#.......p........###
#...####.#.....#....
#.... .##.....?...
##..## .5 ##.......
#..# Z. .Z.... #...
_.. ..##.


You could see Pikel and 2 slaves.

Vanquished Creatures
  6 yaks
  A hungry ghost (D:5)
  An ogre (D:4)
  3 bullfrogs
  A scorpion (D:4)
  A howler monkey (D:5)
  A crimson imp (D:5)
  2 jellies (D:5)
  A hound (D:5)
  An orc priest (D:5)
  An iron imp (D:6)
  An orc wizard (D:5)
  3 worker ants
  A worker ant zombie (D:5)
  4 gnolls (D:3)
  A howler monkey skeleton (D:2)
  7 adders
  4 shadow imps
  3 worms
  A dart slug (D:1)
  3 leopard geckos
  13 orcs
  7 bats
  4 giant cockroaches
  7 goblins
  7 hobgoblins
  5 jackals
  2 quokkas
  A ball python (D:6)
  2 frilled lizards
  A hobgoblin zombie (D:6)
  A jackal zombie (D:5)
  7 kobolds
  A kobold skeleton (D:6)
  A kobold zombie (D:6)
  A leopard gecko skeleton (D:2)
  3 quokka zombies
  5 rats
115 creatures vanquished.

Vanquished Creatures (others)
  An ooze (D:3)
  A rat (D:3)
2 creatures vanquished.

Grand Total: 117 creatures vanquished

Notes
Turn   | Place    | Note
-------+----------+-------------------------------------------
     0 | D:1      | MJtheKandyman the Minotaur Fighter began the quest for the
                  | Orb.
     0 | D:1      | Reached XP level 1. HP: 19/19 MP: 0/0
   221 | D:1      | Reached XP level 2. HP: 25/27 MP: 1/1
   824 | D:2      | Reached XP level 3. HP: 31/34 MP: 2/2
  1143 | D:2      | Noticed Sigmund
  1374 | D:3      | Reached skill level 5 in Fighting
  1374 | D:3      | Reached XP level 4. HP: 37/42 MP: 3/3
  1805 | D:3      | Reached XP level 5. HP: 37/48 MP: 4/4
  3231 | D:4      | You fall into a shaft and drop 3 floors!
  3237 | D:7      | Reached XP level 6. HP: 52/56 MP: 5/5
  3303 | D:6      | Reached skill level 5 in Long Blades
  3404 | D:6      | Noticed Grinder
  3421 | D:5      | Entered Level 5 of the Dungeon
  3544 | D:4      | Reached skill level 5 in Armour
  3544 | D:4      | Reached skill level 5 in Shields
  3971 | D:5      | Reached XP level 7. HP: 60/63 MP: 6/6
  4253 | D:5      | Found a shimmering altar of Xom.
  4253 | D:5      | Noticed a yak
  4253 | D:5      | Noticed a yak
  4253 | D:5      | Noticed a yak
  4253 | D:5      | Noticed a yak
  4253 | D:5      | Noticed a yak
  4253 | D:5      | Noticed a yak
  4650 | D:3      | Killed a yak
  4650 | D:3      | Reached skill level 1 in Evocations
  4818 | D:3      | HP: 3/64 [yak (14)]
  4819 | D:3      | Killed a yak
  5137 | D:4      | Killed a yak
  5137 | D:4      | Reached XP level 8. HP: 30/71 MP: 8/8
  6591 | D:6      | Noticed Pikel
  6641 | D:6      | Found a glowing golden altar of the Shining One.
  6726 | D:6      | Splashed by Pikel's acid

Levels and vault maps discovered:
D:1:      tarquinn_simple_flora_water_f, layout_loops_ring
D:2:      layout_basic, lemuel_doored_altar, first_ration, serial_undead,
          serial_undead_e, serial_undead_c, serial_undead_e, serial_undead_f,
          minmay_statues_item, st_stairs_12, uniq_sigmund
D:3:      layout_loops_ring, lemuel_flame_loot_1
D:4:      layout_basic, serial_rivers, chequers_serial_rivers_micro_a,
          chequers_serial_rivers_small_a, chequers_serial_rivers_micro_b,
          chequers_serial_rivers_small_b, chequers_serial_rivers_large_a,
          chequers_serial_rivers_marsh, minmay_misc_feat_tiny, minmay_cut_off
D:5:      layout_loops_ring, basic_altar
D:6:      black_bear_nest_1, layout_cave_pools, nicolae_tso_besieged_by_evil,
          uniq_grinder, uniq_pikel
D:7:      layout_cave_pods, marbit_many_paths, kennysheep_mini,
          lemuel_mausoleum_altar_yredelemnul,
          minmay_temple_entry_enclosed_plants, serial_shops, shop_statue

Skill      XL: |  1  2  3  4  5  6  7  8 |
---------------+-------------------------+-----
Fighting       | 4 5 6 7 |  7.9
Long Blades    | 3 4 5 6 7 |  7.4
Armour         | 4 5 6 7 |  7.1
Shields        | 4 5 6 7 |  7.1
Evocations     | 2 3 |  3.0

Action                   |  1- 3 |  4- 6 |  7- 9 || total
-------------------------+-------+-------+-------++-------
Melee: Long sword        |    89 |   112 |   159 ||   360
       Headbutt          |    16 |    18 |    35 ||    69
Throw: Dart              |       |     5 |       ||     5
       Throwing net      |       |     2 |       ||     2
  Use: Scroll            |       |     4 |     5 ||     9
  Eat: Chunk             |     2 |     4 |     8 ||    14
       Ration            |       |     1 |     1 ||     2
Armor: Scale mail        |    40 |    34 |    31 ||   105
Dodge: Dodged            |    23 |    31 |    45 ||    99
Block: Shield            |    53 |    46 |    45 ||   144
       Large shield      |       |       |    35 ||    35
       Rpst.: Long sword |     3 |     7 |    13 ||    23
